AoeStats
← ZEKTARSTEK

Nomad

508363556Analyzed
2v2 RM · 10d ago on Sep 22, 2026· 52m 57s· 4 players
Game mode
Random Map
Map size
176×176
Population
200
Speed
Normal
Resources
Standard
Victory
Conquest
Starting age
Dark Age
Ending age
Imperial Age
RankedLock teamsTeams togetherTeam positionsShared explorationLock speedFull tech treeHidden civsTurbo modeCheats
Victory
Defeat
🇲🇽 Japanese · Mexico
985
+16
🇲🇽 Aztecs · Mexico
977
+16
🇹🇼 Spanish · Taiwan
1006
-17
🇦🇺 Maya · Australia
965
-15
Penguins1891
3:46 Loom
14:06 Feudal Age
15:48 Forging
15:39 Scale Mail Armor
19:36 Castle Age
17:46 Double-Bit Axe
21:53 Iron Casting
22:06 Wheelbarrow
29:33 Crossbowman
32:48 Thumb Ring
32:55 Eagle Warrior
36:17 Fletching
36:28 Padded Archer Armor
37:35 Bodkin Arrow
37:56 Chain Mail Armor
37:56 Squires
42:52 Imperial Age
42:09 Leather Archer Armor
45:38 Conscription
45:23 Bracer
44:50 Arbalester
小藍
16:17 Feudal Age
21:23 Castle Age
19:18 Fishing Lines
21:43 Loom
21:44 Town Watch
23:41 Gillnets
25:15 Wheelbarrow
29:07 Bloodlines
36:31 Light Cavalry
40:57 Husbandry
ZEKTARSTEK
10:01 Loom
14:29 Feudal Age
15:58 Double-Bit Axe
22:58 Castle Age
24:45 Bow Saw
33:42 Imperial Age
31:54 Gold Mining
36:34 Conscription
40:33 Two-Man Saw
39:26 Elite Samurai
40:28 Kataparuto
41:53 Gold Shaft Mining
47:36 Wheelbarrow
50:40 Spies/Treason
YIBI
3:21 Loom
14:24 Feudal Age
16:33 Gold Mining
17:44 Wheelbarrow
19:37 Horse Collar
20:15 Forging
20:06 Scale Mail Armor
20:24 Stone Mining
21:04 Fletching
26:12 Castle Age
25:26 Arson
27:25 Double-Bit Axe
28:17 Gold Shaft Mining
30:15 Iron Casting
29:56 Chain Mail Armor
30:49 Eagle Warrior
31:31 Squires
32:42 Ballistics
36:18 Hand Cart
38:51 Chain Mail Armor
41:25 Atlatl
42:18 Gambesons
43:15 Fervor
43:20 Elite Skirmisher
47:03 Imperial Age
46:15 Bodkin Arrow
47:00 Padded Archer Armor
46:58 Murder Holes
48:15 Conscription
48:17 Leather Archer Armor
48:43 Bracer
49:46 Chemistry
49:16 Town Watch
50:22 Bow Saw
50:50 Stone Shaft Mining
50:58 Heavy Plow
50:41 Treadmill Crane
51:01 Spies/Treason
53:51 Garland Wars
Connection lost

Rejoining the realm…

Still unreachable

The connection could not be restored.

Session expired

The server has moved on; the page needs a fresh start.